 Dungeon Crawl Stone Soup version 0.17.0-57-g0e89251 (webtiles) character file.

17787 Melora the Nimble (level 12, -20/108 HPs)
             Began as a Troll Monk on Dec 9, 2015.
             Was a High Priest of Okawaru.
             Killed from afar by Aizul (41 damage)
             ... with a poison arrow
             ... on level 1 of the Snake Pit.
             The game lasted 01:28:20 (11759 turns).

Melora the Nimble (Troll Monk)                     Turns: 11759, Time: 01:28:23

Health: -20/108    AC: 12    Str: 22    XL:     12   Next: 22%
Magic:  12/13      EV: 24    Int: 10    God:    Okawaru [*****.]
Gold:   455        SH: 13    Dex: 20    Spells: 0 memorised, 11 levels left

rFire  . . .     SeeInvis .       - Unarmed
rCold  + . .     Clarity  .     L - +2 robe {Archmagi}
rNeg   . . .     SustAt   .     Z - +0 shield of Ladders and Snakes {Int+2 Dex+2}
rPois  .         Gourm    +     (helmet restricted)
rElec  .         Spirit   .     n - +2 cloak
rCorr  .         Warding  .     (gloves unavailable)
rMut   .         Stasis   .     (boots unavailable)
MR     .....                    C - amulet of faith
Stlth  +++.......               (no ring)
                                S - +2 ring of protection

@: lethally poisoned (-20 -> -39), heroism, not resistant to hostile
enchantments, fairly stealthy
A: unfitting armour, claws 3, agile 1, clever 1, cold resistance 1, fast
metabolism 3, frail 1, gourmand, regeneration 2, shaggy fur 1, tough skin 2,
evolution 1
a: Heroism, Finesse, Renounce Religion


You were on level 1 of the Snake Pit.
You worshipped Okawaru.
Okawaru was extremely pleased with you.
You were very full.

You visited 4 branches of the dungeon, and saw 15 of its levels.
You also visited: Bailey.

You collected 599 gold pieces.
You spent 144 gold pieces at shops.

Inventory:

Missiles
 Y - 4 large rocks (quivered)
Armour
 n - a +2 cloak (worn)
 L - a +2 robe of the Archmagi (worn)
 W - an ice dragon hide
 Z - the +0 shield of Ladders and Snakes (worn) {Int+2 Dex+2}
   (Okawaru gifted it to you on level 3 of the Lair of Beasts)

   It affects your intelligence (+2).
   It affects your dexterity (+2).
Jewellery
 g - an uncursed ring of positive energy {unknown}
 C - an amulet of faith (around neck)
 S - a +2 ring of protection (left claw)
Scrolls
 c - 5 scrolls of recharging
 h - 2 scrolls of magic mapping
 o - 5 scrolls of remove curse
 r - 4 scrolls of blinking {unknown}
 s - a scroll of teleportation {unknown}
 t - 4 scrolls of noise {unknown}
 x - 2 scrolls of identify
 y - a scroll of amnesia {unknown}
 N - 2 scrolls of silence {unknown}
 O - a scroll of torment {unknown}
 P - 2 scrolls of random uselessness {unknown}
 T - a scroll of immolation {unknown}
 V - 3 scrolls of enchant armour {unknown}
Potions
 d - a potion of cancellation {unknown}
 f - 2 potions of flight
 i - 4 potions of resistance {unknown}
 k - a potion of agility {unknown}
 p - a potion of ambrosia {unknown}
 u - a potion of might {unknown}
 A - a potion of lignification {unknown}
 B - a potion of cure mutation {unknown}
 E - a potion of berserk rage {unknown}
 F - a potion of poison {unknown}
 G - 3 potions of mutation
 J - a potion of beneficial mutation {unknown}
 R - a potion of haste {unknown}
 U - 5 potions of curing {unknown}
Books
 q - a book of Summonings

   Spells                             Type                      Level
   a - Recall                         Summoning/Translocation      3
   b - Aura of Abjuration             Summoning                    5
   c - Shadow Creatures               Summoning                    5
   d - Summon Demon                   Summoning                    5
   e - Summon Forest                  Summoning/Translocation      5
   f - Summon Mana Viper              Hexes/Summoning              5
 I - a book of Power

   Spells                             Type                      Level
   a - Fulminant Prism                Conjuration/Hexes            4
   b - Iskenderun's Mystic Blast      Conjuration                  4
   c - Venom Bolt                     Conjuration/Poison           5
   d - Bolt of Magma                  Conjuration/Fire/Earth       5
   e - Iron Shot                      Conjuration/Earth            6
   f - Orb of Destruction             Conjuration                  7
   g - Spellforged Servitor           Conjuration/Summoning        7
 Q - a book of the Warp

   Spells                             Type                      Level
   a - Recall                         Summoning/Translocation      3
   b - Gell's Gravitas                Hexes/Translocation          3
   c - Force Lance                    Conjuration/Translocation    4
   d - Phase Shift                    Translocation                5
   e - Warp Weapon                    Charms/Translocation         5
   f - Summon Forest                  Summoning/Translocation      5
Miscellaneous
 M - a legendary deck of wonders
Comestibles
 a - 5 chunks of flesh
 b - 4 bread rations
 j - 2 slices of pizza
 m - 5 meat rations
 H - 2 royal jellies
 K - 2 beef jerkies


   Skills:
 * Level 8.3(13.3) Fighting
 + Level 11.3(16.3) Dodging
 - Level 1.1(6.1) Stealth
 + Level 6.6(11.6) Shields
 + Level 9.4(14.4) Unarmed Combat
 + Level 3.6 Invocations


You had 11 spell levels left.
You didn't know any spells.

Dungeon Overview and Level Annotations

Branches:
Dungeon (10/15)            Temple (1/1) D:6            Lair (3/8) D:10
  Snake (1/4) Lair:3
  Swamp: Lair:3-6    Shoals: Lair:3-6       Orc: D:9-12

Altars:
Ashenzari
Cheibriados
Dithmenos
Elyvilon
Fedhas
Gozag
Kikubaaqudgha
Makhleb
Nemelex Xobeh
Okawaru
Qazlal
Ru
Sif Muna
Trog
Vehumet
Xom
Yredelemnul
Zin
The Shining One

Shops:
D:4 *   D:6 (   D:7 =

Annotations:
Lair:1 exclusion: ice statue
Snake:1 Aizul


Innate Abilities, Weirdness & Mutations

You are too large for most types of armour.
You have claws for hands.
Your metabolism is lightning-fast.
You like to eat raw meat.
You heal very quickly.
You are covered in fur (AC +1).
You have very tough skin (AC +2).
You are agile. (Dex +2)
Your mind is acute. (Int +2)
Your flesh is cold resistant.
You are frail (-10% HP).
You evolve.


Message History

You barely miss Aizul.
Aizul is severely wounded.
You feel sick. Aizul completely misses you. You block Aizul's attack.
You closely miss Aizul.
Aizul is severely wounded.
You feel sick. You block Aizul's attack.
You mangle Aizul!!
Aizul is severely wounded.
You feel sick. Aizul closely misses you.
You barely miss Aizul.
Aizul is severely wounded.
You feel sick. Aizul hits you!
* * * LOW HITPOINT WARNING * * *
You miss Aizul.
Aizul is severely wounded.
You feel sick.
Aizul coils himself and waves his upper body at you.
The poison arrow hits you!
You are more poisoned.
You die...

### ... #.###
# .... #. #..#
#.. #S.#
..#...#@##.###
.......<.....#
....######.#.#
## #


You could see Aizul.

Vanquished Creatures
  An ice dragon (Lair:1)
  Erolcha (D:9)
  The ghost of braveplatypus the Basher, a novice OgGl of Ashenzari (D:7)
  Pikel (D:9)
  An orc knight (Bailey)
  5 spiny frogs
  2 komodo dragons (D:10)
  A polar bear (Lair:1)
  Grinder (D:3)
  A two-headed ogre (D:10)
  Sigmund (D:5)
  2 deep elf magi
  2 fire bats (Lair:3)
  A hungry ghost (D:7)
  Eustachio (D:5)
  4 hippogriffs
  23 yaks
  Menkaure (D:5)
  4 water moccasins
  8 orc warriors
  Duvessa (D:6)
  6 porcupines
  3 sky beasts
  3 slaves (D:9)
  A swamp drake (D:10)
  8 ice beasts
  2 eyes of draining (D:6)
  2 phantoms
  A necrophage (D:8)
  3 centaurs
  5 crocodiles
  3 ogres
  19 giant frogs
  2 scorpions
  A big kobold (D:9)
  Dowan (D:6)
  6 killer bees (D:8)
  4 electric eels
  2 crimson imps
  3 hounds
  8 orc priests
  5 giant frog skeletons
  2 jellies
  A centaur skeleton (D:8)
  4 iguanas
  5 worker ants
  9 orc wizards
  A hound zombie (D:5)
  Robin (D:2)
  A gnoll (D:6)
  7 river rats (Lair:1)
  8 adders
  5 shadow imps
  A white imp (Lair:1)
  An ooze (D:1)
  An adder zombie (D:1)
  4 adder skeletons
  A worm (D:2)
  10 giant geckos
  40 orcs
  3 ball pythons
  2 bat zombies (D:5)
  A giant cockroach (D:3)
  19 goblins
  13 hobgoblins
  10 kobolds
  5 quokkas
  11 bats
  A giant gecko zombie (D:1)
  6 giant newts
  20 jackals
  5 rats
  A rat zombie (D:5)
  A plant (D:10)
351 creatures vanquished.

Vanquished Creatures (others)
  A fungus (Lair:1)
  A plant (D:10)
2 creatures vanquished.

Grand Total: 353 creatures vanquished

Notes
Turn   | Place    | Note
--------------------------------------------------------------
     0 | D:1      | Melora the Troll Monk began the quest for the Orb.
     0 | D:1      | Reached XP level 1. HP: 22/22 MP: 0/0
   187 | D:1      | Reached XP level 2. HP: 27/29 MP: 1/1
   934 | D:2      | Reached XP level 3. HP: 31/36 MP: 2/2
  1395 | D:2      | Noticed Robin
  1415 | D:2      | Reached XP level 4. HP: 34/45 MP: 3/3
  1428 | D:2      | Killed Robin
  1634 | D:2      | Found a basalt altar of Yredelemnul.
  1804 | D:2      | Found an iron altar of Okawaru.
  1812 | D:2      | Became a worshipper of Warmaster Okawaru
  1812 | D:2      | Reached * piety under Okawaru
  1812 | D:2      | Reached ** piety under Okawaru
  1928 | D:2      | Found a white marble altar of Elyvilon.
  1982 | D:3      | Noticed Grinder
  1993 | D:3      | Killed Grinder
  1993 | D:3      | Reached *** piety under Okawaru
  1993 | D:3      | Reached XP level 5. HP: 31/53 MP: 1/4
  1993 | D:3      | Reached XP level 6. HP: 35/61 MP: 1/5
  2003 | D:3      | Found an iron altar of Okawaru.
  2171 | D:3      | Found a glowing silver altar of Zin.
  2411 | D:3      | Found a shadowy altar of Dithmenos.
  3100 | D:4      | Found Ecycithre's Assorted Antiques.
  3106 | D:4      | Bought a runed cloak for 144 gold pieces
  3218 | D:4      | Found a radiant altar of Vehumet.
  3483 | D:4      | Reached skill level 5 in Dodging
  3591 | D:5      | Entered Level 5 of the Dungeon
  3635 | D:5      | Found a sacrificial altar of Ru.
  3649 | D:5      | Noticed Eustachio
  3654 | D:5      | Reached XP level 7. HP: 70/70 MP: 3/6
  3661 | D:5      | Killed Eustachio
  3724 | D:5      | Reached skill level 5 in Unarmed Combat
  3754 | D:5      | Noticed Sigmund
  3764 | D:5      | Killed Sigmund
  3764 | D:5      | Reached **** piety under Okawaru
  3764 | D:5      | Reached skill level 6 in Dodging
  4005 | D:5      | Reached XP level 8. HP: 26/79 MP: 4/7
  4048 | D:5      | Found a sparkling altar of Nemelex Xobeh.
  4048 | D:5      | Noticed Menkaure
  4056 | D:5      | Killed Menkaure
  4056 | D:5      | Reached skill level 1 in Shields
  4346 | D:5      | Found an ancient bone altar of Kikubaaqudgha.
  4641 | D:6      | Reached skill level 7 in Dodging
  4917 | D:6      | Noticed Dowan
  4920 | D:6      | Noticed Duvessa
  4924 | D:6      | Killed Dowan
  4933 | D:6      | Killed Duvessa
  4986 | D:6      | Found Gerchovi's Weapon Shoppe.
  5217 | D:6      | Found a staircase to the Ecumenical Temple.
  5233 | D:6      | Reached ***** piety under Okawaru
  5233 | D:6      | Reached skill level 5 in Fighting
  5233 | D:6      | Reached XP level 9. HP: 77/88 MP: 8/8
  5350 | D:6      | Found a bloodstained altar of Trog.
  5457 | Temple   | Entered the Ecumenical Temple
  5643 | D:7      | Found a shattered altar of Ashenzari.
  5652 | D:7      | Reached skill level 8 in Dodging
  5683 | D:7      | Found Xyal's Jewellery Boutique.
  5800 | D:7      | Noticed braveplatypus's ghost (novice OgGl)
  5811 | D:7      | HP: 3/88 [braveplatypus's ghost (28)]
  5948 | D:8      | Gained mutation: Your flesh is cold resistant. [potion of mutation]
  5948 | D:8      | Gained mutation: You evolve. [potion of mutation]
  5948 | D:8      | Gained mutation: You are agile. (Dex +2) [potion of mutation]
  5962 | D:7      | Killed braveplatypus's ghost
  5962 | D:7      | Reached skill level 1 in Invocations
  6064 | D:7      | Found a flagged portal.
  6077 | Bailey   | Entered a bailey
  6258 | Bailey   | Noticed an orc knight
  6269 | Bailey   | Killed an orc knight
  6269 | Bailey   | Reached XP level 10. HP: 84/98 MP: 2/10
  6278 | Bailey   | Received a gift from Okawaru
  6293 | Bailey   | Reached skill level 9 in Dodging
  7424 | D:8      | Gained mutation: Your mind is acute. (Int +2) [evolution]
  8205 | D:9      | Gained mutation: You are frail (-10% HP). [mutagenic meat]
  8209 | D:9      | Gained mutation: You are very agile. (Dex +4) [mutagenic meat]
  8300 | D:9      | Reached skill level 5 in Shields
  8398 | D:9      | Reached skill level 10 in Dodging
  8407 | D:9      | Noticed Erolcha
  8422 | D:9      | Killed Erolcha
  8423 | D:9      | Noticed Pikel
  8453 | D:9      | Killed Pikel
  8453 | D:9      | Reached XP level 11. HP: 90/96 MP: 11/11
  8540 | D:9      | Found a deep blue altar of Sif Muna.
  8611 | D:10     | Entered Level 10 of the Dungeon
  9082 | D:10     | Received a gift from Okawaru
  9151 | D:10     | Found a staircase to the Lair.
  9401 | Lair:1   | Entered Level 1 of the Lair of Beasts
  9721 | Lair:1   | Noticed an ice dragon
  9799 | Lair:1   | Killed an ice dragon
 10129 | Lair:1   | Lost mutation: You are very agile. (Dex +4) [evolution]
 10181 | Lair:1   | Gained mutation: You can breathe flames. [potion of mutation]
 10181 | Lair:1   | Lost mutation: You can breathe flames. [potion of mutation]
 10703 | Lair:2   | Reached skill level 11 in Dodging
 10998 | Lair:3   | Received a gift from Okawaru
 11003 | Lair:3   | Got a brightly glowing shield {god gift}
 11014 | Lair:3   | Identified the +0 shield of Ladders and Snakes {Int+2 Dex+2} (Okawaru gifted it to you on level 3 of the Lair of Beasts)
 11150 | Lair:3   | Reached XP level 12. HP: 10/107 MP: 11/13
 11715 | Lair:3   | Found a staircase to the Snake Pit.
 11746 | Snake:1  | Entered Level 1 of the Snake Pit
 11746 | Snake:1  | Noticed Aizul
 11759 | Snake:1  | Killed from afar by Aizul

Action                   |  1- 3 |  4- 6 |  7- 9 | 10-12 || total
-------------------------+-------+-------+-------+-------++-------
Melee: Unarmed           |   103 |   160 |   276 |   677 ||  1216
Invok: Heroism           |       |     3 |    11 |    18 ||    32
       Finesse           |       |       |     1 |     3 ||     4
  Use: Scroll            |       |     5 |     4 |     4 ||    13
       Potion            |       |       |     5 |     1 ||     6
 Stab: Sleeping          |       |     4 |     6 |     5 ||    15
  Eat: Chunk             |     9 |    25 |    26 |    54 ||   114
       Bread ration      |     1 |       |       |       ||     1
